 Dungeon Crawl Stone Soup version 0.17.0-15-g6d90897 (webtiles) character file.

2112 zarick13 the Basher (level 9, -1/63 HPs)
             Began as a Human Fighter on Nov 10, 2015.
             Was a Follower of Elyvilon.
             Slain by a polar bear (6 damage)
             ... on level 7 of the Dungeon.
             The game lasted 00:16:21 (6871 turns).

zarick13 the Basher (Human Fighter)                 Turns: 6871, Time: 00:16:21

Health: -1/63      AC: 12    Str: 19    XL:     9   Next: 53%
Magic:  12/12      EV:  9    Int: 10    God:    Elyvilon [*.....]
Gold:   371        SH:  5    Dex: 12    Spells: 0 memorised, 8 levels left

rFire  . . .     SeeInvis .     a - +1 flail
rCold  . . .     Clarity  .     b - +1 scale mail
rNeg   . . .     SustAt   .     q - +0 buckler
rPois  +         Gourm    .     n - +0 helmet
rElec  .         Spirit   .     (no cloak)
rCorr  .         Warding  .     (no gloves)
rMut   .         Stasis   .     (no boots)
MR     .....                    (no amulet)
Stlth  ..........               m - ring of poison resistance
                                o - +4 ring of protection

@: very slightly contaminated, hasted, very quick, not resistant to hostile
enchantments, extremely unstealthy
A: no striking features
a: Lesser Healing, Divine Protection, Renounce Religion


You were on level 7 of the Dungeon.
You worshipped Elyvilon.
Elyvilon was aware of your devotion.
You were hungry.

You visited 2 branches of the dungeon, and saw 8 of its levels.

You collected 402 gold pieces.
You spent 31 gold pieces at shops.

Inventory:

Hand Weapons
 a - a +1 flail (weapon)
Missiles
 r - 7 tomahawks (quivered)
Armour
 b - a +1 scale mail (worn)
 n - a +0 helmet (worn)
 q - a +0 buckler (worn)
 O - a +2 shield
Jewellery
 m - a ring of poison resistance (right hand)
 o - a +4 ring of protection (left hand)
 v - an uncursed ring of protection from magic
 z - a +1 ring of evasion
 D - an uncursed ring of protection from cold
Wands
 y - a wand of draining (3)
 K - a wand of polymorph (13)
 L - a wand of polymorph (20)
Scrolls
 p - a scroll of fear
 w - 5 scrolls of teleportation
 E - 4 scrolls of identify
 H - a scroll of enchant weapon
Potions
 d - a potion of might
 g - 5 potions of curing
 i - a potion of agility
 j - a potion of mutation
 k - 2 potions of heal wounds
 l - 2 potions of flight
 u - 3 potions of degeneration
 x - 5 potions of lignification {unknown}
 B - 2 potions of brilliance {unknown}
 C - a potion of cancellation {unknown}
 F - a potion of poison {unknown}
 I - a potion of cure mutation {unknown}
 N - a potion of berserk rage {unknown}
Books
 A - a book of Beasts

   Spells                             Type                      Level
   a - Summon Butterflies             Summoning                    1
   b - Call Canine Familiar           Summoning                    3
   c - Summon Ice Beast               Ice/Summoning                4
   d - Summon Mana Viper              Hexes/Summoning              5
   e - Summon Hydra                   Summoning                    7
 J - a book of Ice

   Spells                             Type                      Level
   a - Ice Form                       Ice/Transmutation            4
   b - Metabolic Englaciation         Hexes/Ice                    5
   c - Ozocubu's Refrigeration        Ice                          6
   d - Bolt of Cold                   Conjuration/Ice              6
   e - Freezing Cloud                 Conjuration/Ice/Air          6
   f - Simulacrum                     Ice/Necromancy               6
Comestibles
 c - a chunk of flesh
 e - 3 bread rations
 f - 5 fruits
 s - 3 meat rations


   Skills:
 - Level 3.0 Fighting
 * Level 10.8 Maces & Flails
 - Level 3.0 Armour
 - Level 4.1 Shields
 - Level 4.5 Invocations


You had 8 spell levels left.
You didn't know any spells.

Dungeon Overview and Level Annotations

Branches:
Dungeon (7/15)             Temple (1/1) D:4

Altars:
Ashenzari
Cheibriados
Dithmenos
Elyvilon
Fedhas
Gozag
Kikubaaqudgha
Nemelex Xobeh
Okawaru
Qazlal
Ru
Sif Muna
Trog
Vehumet
Xom
Yredelemnul
Zin
The Shining One

Shops:
D:5 }   D:7 *


Message History

You block the polar bear's attack. The polar bear closely misses you.
The polar bear barely misses you.
You sock the polar bear!
The polar bear is moderately wounded.
You hit the polar bear but do no damage.
The polar bear is moderately wounded.
The polar bear bites you! The polar bear claws you.
* * * LOW HITPOINT WARNING * * *
The polar bear claws you but does no damage.
You hit the polar bear but do no damage.
The polar bear is moderately wounded.
You hit the polar bear but do no damage.
The polar bear is moderately wounded.
The polar bear bites you!
* * * LOW HITPOINT WARNING * * *
You block the polar bear's attack. The polar bear closely misses you.
You sock the polar bear!
The polar bear is moderately wounded.
The polar bear bites you.
You die...

#...##.# #.......h...#......
###.####.# #...........#######
##...####.####..##h.............
#.........#....##.............##
#.........#.....hh..........#..[
#.........>.).##h##.............
#.............#Yh##.........#...
##.##.###....##h#######..#.....#
##.#.)###..####@##.......#......
#..#.#)...#####.##....#.##....>.
#.##.............#..............
#.##.#[...###..#................
#.##.#.....#..####......###.....
#.#.....#..............## #.....
#.....###..########....#####....
#..#..###..# ##.....####...
#.....#....# #.#.#..###.#.


You could see 2 polar bears, a yak, 3 black bears and a hound.

Vanquished Creatures
  The ghost of mrpyro the Insei, an amateur OpTm of Cheibriados (D:4)
  A hungry ghost (D:7)
  A hog (D:7)
  Duvessa (D:7)
  An ice beast (D:7)
  3 ogres
  A black bear (D:7)
  2 sky beasts
  A big kobold (D:7)
  Dowan (D:7)
  2 giant frogs
  A wyvern skeleton (D:7)
  2 crimson imps
  A giant frog zombie (D:5)
  3 hounds
  An iron imp (D:6)
  3 orc wizards
  A centaur skeleton (D:4)
  A giant frog skeleton (D:7)
  2 worker ants
  2 iguanas (D:7)
  5 adders
  7 gnolls
  An adder zombie (D:7)
  An ooze (D:1)
  2 adder skeletons
  A worm (D:2)
  4 giant geckos
  12 orcs
  6 ball pythons
  11 bats
  6 giant cockroaches
  3 hobgoblins
  3 jackals
  14 kobolds
  2 quokkas
  11 giant newts
  5 goblins
  A quokka zombie (D:5)
  6 rats
133 creatures vanquished.

Vanquished Creatures (others)
  3 hobgoblins (D:1)
3 creatures vanquished.

Grand Total: 136 creatures vanquished

Notes
Turn   | Place    | Note
--------------------------------------------------------------
     0 | D:1      | zarick13 the Human Fighter began the quest for the Orb.
     0 | D:1      | Reached XP level 1. HP: 18/18 MP: 1/1
   148 | D:1      | Reached XP level 2. HP: 17/24 MP: 2/2
   553 | D:1      | Reached XP level 3. HP: 27/29 MP: 3/3
  1055 | D:1      | Reached skill level 4 in Maces & Flails
  1055 | D:1      | Reached XP level 4. HP: 20/35 MP: 4/4
  1652 | D:2      | Reached XP level 5. HP: 41/41 MP: 5/5
  1802 | D:2      | Found a blossoming altar of Fedhas.
  2035 | D:2      | Reached skill level 5 in Maces & Flails
  2563 | D:3      | Found a shattered altar of Ashenzari.
  2569 | D:3      | Found a glowing silver altar of Zin.
  2586 | D:3      | Found an opulent altar of Gozag.
  2973 | D:4      | Reached XP level 6. HP: 47/47 MP: 6/6
  2999 | D:4      | Noticed mrpyro's ghost (amateur OpTm)
  3086 | D:4      | Killed mrpyro's ghost
  3086 | D:4      | Reached skill level 6 in Maces & Flails
  3086 | D:4      | Reached XP level 7. HP: 45/52 MP: 7/7
  3534 | D:4      | Found a staircase to the Ecumenical Temple.
  3549 | D:4      | Noticed an ogre
  3557 | D:4      | Killed an ogre
  3557 | D:4      | Reached skill level 7 in Maces & Flails
  3564 | Temple   | Entered the Ecumenical Temple
  3883 | D:4      | Noticed a sky beast
  3901 | D:4      | Killed a sky beast
  4058 | D:5      | Entered Level 5 of the Dungeon
  4201 | D:5      | Found a sparkling altar of Nemelex Xobeh.
  4333 | D:5      | Found a white marble altar of Elyvilon.
  4337 | D:5      | Became a worshipper of Elyvilon the Healer
  4382 | D:5      | Found Pioxang's Gadget Shop.
  4747 | D:5      | Reached skill level 8 in Maces & Flails
  4747 | D:5      | Reached XP level 8. HP: 58/58 MP: 8/8
  4801 | D:6      | Reached skill level 1 in Invocations
  4849 | D:6      | Found a snail-covered altar of Cheibriados.
  5287 | D:6      | Found an iron altar of Okawaru.
  5287 | D:6      | Found a glowing golden altar of the Shining One.
  5288 | D:6      | Found an ancient bone altar of Kikubaaqudgha.
  5343 | D:6      | Reached * piety under Elyvilon
  5503 | D:7      | Found a huge runed gate.
  5503 | D:7      | Found a huge runed gate.
  5503 | D:7      | Found a huge runed gate.
  5503 | D:7      | Found a huge runed gate.
  5503 | D:7      | Noticed a polar bear
  5503 | D:7      | Noticed a polar bear
  5503 | D:7      | Noticed a polar bear
  5504 | D:7      | Noticed a polar bear
  5504 | D:7      | Noticed a polar bear
  5900 | D:7      | Reached skill level 9 in Maces & Flails
  5955 | D:7      | Reached XP level 9. HP: 48/63 MP: 12/12
  6032 | D:7      | Noticed Duvessa
  6032 | D:7      | Noticed Dowan
  6050 | D:7      | Killed Duvessa
  6059 | D:7      | Killed Dowan
  6314 | D:7      | Reached skill level 10 in Maces & Flails
  6560 | D:7      | Found Qemainea's Assorted Antiques.
  6575 | D:7      | Bought a scroll labeled HURHUR JEMELE for 31 gold pieces
  6871 | D:7      | Slain by a polar bear

Action                   |  1- 3 |  4- 6 |  7- 9 || total
-------------------------+-------+-------+-------++-------
Melee: Flail             |    91 |   194 |   344 ||   629
Throw: Tomahawk          |       |       |    12 ||    12
Invok: Lesser Healing    |       |       |     3 ||     3
Evoke: Wand              |       |       |     1 ||     1
  Use: Scroll            |       |    12 |     5 ||    17
       Potion            |       |     2 |     3 ||     5
  Eat: Chunk             |     1 |     6 |    11 ||    18
       Fruit             |       |       |     1 ||     1
       Bread ration      |       |       |     2 ||     2
       Beef jerky        |       |       |     2 ||     2
